Map: Blackpink LE

Players

Dessa

  • Race: Zerg Zerg
  • League: Diamond
  • Spawn Location: 7:00

IIIIIIII - Winner!

  • Race: Zerg Zerg
  • League: Diamond
  • Spawn Location: 1:00

VOD

Have the link to the VOD?

Description

Time

  • Played on: Dec. 14, 2017, 7:36 a.m.
  • Length: 7:38
Show
View Real Time Build Order
Export as new Build Order

Dessa Zerg 

Build Orders: Pool First 

Get SALT Encoding   

  12  0:01  Drone  
  13  0:08  Drone  
  14  0:17  Extractor  
  14  0:18  Drone  
  14  0:34  Spawning Pool  
  13  0:36  Drone  
  14  1:04  Hatchery  
  13  1:13  Overlord  
  14  1:18  Drone  
  14  1:28  Metabolic Boost  
  14  1:43  Queen  
  16  1:48  Zergling x2  
  16  1:53  Zergling x2  
  18  1:58  Drone  
  19  2:04  Drone  
  20  2:18  Baneling Nest, Drone  
  20  2:35  Queen  
  20  2:36  Drone  
  23  2:53  Drone  
  23  2:55  Drone  
  25  3:03  Overlord  
  25  3:09  Drone  
  25  3:11  Drone  
  27  3:21  Queen  
  27  3:25  Overlord  
  27  3:27  Drone x2  
  30  3:28  Drone  
  32  3:36  Baneling x2, Zergling x2  
  32  3:37  Zergling x2  
  32  3:40  Drone  
  36  3:55  Zergling x4  
  36  3:56  Zergling x6  
  36  4:00  Drone x2  
  41  4:07  Baneling  
  41  4:08  Baneling  
  41  4:09  Zergling x4  
  43  4:10  Overlord  
  43  4:19  Roach Warren  
  43  4:20  Drone  
  43  4:39  Drone x4  
  43  4:41  Drone x2, Overlord  
  49  4:51  Lair  
  49  4:54  Evolution Chamber  
  49  4:55  Evolution Chamber  
  48  5:14  Drone x3  
  48  5:17  Extractor  
  48  5:18  Drone, Extractor x2  
  48  5:19  Drone, Hatchery  
  48  5:35  Zerg Missile Weapons Level 1  
  48  5:36  Zerg Ground Armor Level 1  
  48  5:37  Drone x2  
  48  5:38  Drone  
  51  5:45  Drone x3  
  51  5:46  Drone  
  51  5:48  Drone  
  51  5:49  Drone  
  57  6:02  Drone  
  57  6:04  Glial Reconstitution  
  58  6:05  Drone  
  58  6:08  Overlord  
  58  6:09  Unknown, Overlord  
  59  6:26  Roach  
  59  6:27  Roach x3  
  59  6:28  Roach x3  
  75  6:33  Unknown, Roach  
  75  6:34  Overlord  
  75  6:38  Queen  
  77  6:48  Roach x2  
  77  6:50  Overlord  
  81  6:54  Roach x3  
  81  6:58  Roach  
  89  7:12  Roach x2  
  93  7:18  Roach x2  
  90  7:28  Ravager  
Show
View Real Time Build Order
Export as new Build Order

IIIIIIII Zerg - Winner!

Build Orders: Hatch First 

Get SALT Encoding   

  12  0:01  Drone  
  13  0:13  Overlord  
  13  0:20  Drone  
  14  0:32  Drone x2  
  16  0:38  Drone  
  17  0:53  Hatchery  
  17  0:55  Drone  
  17  0:59  Drone  
  18  1:11  Extractor  
  17  1:14  Spawning Pool  
  17  1:17  Drone  
  17  1:20  Drone  
  18  1:29  Drone  
  19  1:39  Overlord  
  19  2:03  Queen  
  19  2:05  Queen  
  19  2:06  Zergling x4  
  25  2:10  Metabolic Boost  
  25  2:12  Drone x2  
  27  2:17  Drone  
  28  2:28  Drone  
  28  2:29  Drone  
  30  2:33  Baneling Nest  
  30  2:35  Drone  
  30  2:37  Drone  
  31  2:46  Queen  
  33  2:51  Overlord x2  
  33  3:00  Drone x2  
  35  3:15  Drone x3  
  35  3:17  Baneling x2  
  38  3:35  Zergling x4  
  38  3:36  Zergling x8  
  44  3:42  Hatchery  
  44  3:46  Drone  
  44  3:47  Drone x3  
  46  3:59  Drone x2  
  46  4:00  Drone, Overlord x2  
  49  4:10  Overlord x3  
  49  4:14  Lair  
  49  4:16  Drone  
  50  4:17  Drone  
  51  4:38  Zergling x8  
  52  4:39  Zergling x2  
  52  4:41  Drone  
  52  4:43  Extractor x2  
  54  4:46  Evolution Chamber  
  54  4:47  Drone x3, Roach Warren  
  54  4:48  Drone  
  56  5:02  Extractor  
  56  5:03  Drone  
  56  5:07  Drone x4  
  56  5:13  Zerg Missile Weapons Level 1  
  56  5:14  Drone x4  
  64  5:27  Baneling  
  64  5:28  Baneling  
  64  5:37  Drone x7  
  64  5:38  Overlord x2  
  71  5:46  Overseer  
  71  5:48  Overseer  
  71  5:54  Spore Crawler  
  70  5:57  Drone x2, Hydralisk Den  
  70  6:00  Hatchery  
  70  6:01  Glial Reconstitution  
  70  6:02  Spore Crawler  
  69  6:07  Burrow  
  69  6:17  Roach x5  
  69  6:18  Roach x4  
  87  6:21  Drone x4  
  91  6:25  Extractor x2  
  89  6:35  Roach x5  
  89  6:36  Roach  
  102  6:40  Drone x4  
  105  6:47  Hydralisk x3  
  111  6:56  Roach  
  111  6:59  Overlord x2  
  111  7:00  Overlord  
  113  7:13  Drone  
  113  7:14  Drone x3  
  117  7:22  Lurker Den  
  115  7:23  Drone  
  115  7:24  Drone x3  
Tags
 
Matchup
ZvZ
Race
Zerg
Replay Pack
2017S4
Spawn Locations
Cross Positions
Add a new tag
Caveats
  • Supply blocks, unpowered buildings, or Contaminate may cause inaccurate times.
  • Supply counts are checked every 10 seconds.